 Dungeon Crawl Stone Soup version 0.17.1-2-g5865329 (webtiles) character file.

9524 RedPan the Destroyer (level 11, -5/60 HPs)
             Began as a Deep Elf Conjurer on Jan 23, 2016.
             Was a High Priest of Vehumet.
             Slain by a white ugly thing (21 damage)
             ... on level 11 of the Dungeon.
             The game lasted 00:57:03 (14310 turns).

RedPan the Destroyer (Deep Elf Conjurer)           Turns: 14310, Time: 00:57:03

Health: -5/60      AC:  8    Str:  8    XL:     11   Next: 24%
Magic:  19/29      EV: 10    Int: 24    God:    Vehumet [*****.]
Gold:   174        SH:  0    Dex: 15    Spells: 7 memorised, 11 levels left

rFire  . . .     SeeInvis .     S - +2 demon blade (vamp)
rCold  . . .     Clarity  .     a - +0 robe
rNeg   . . .     SustAt   .     (no shield)
rPois  .         Gourm    .     G - +0 helmet
rElec  .         Spirit   .     M - +1 cloak
rCorr  .         Warding  .     J - +1 pair of gloves
rMut   .         Stasis   .     v - +0 pair of boots
MR     ++...                    (no amulet)
Stlth  ++........               u - ring of protection from magic
                                i - +3 ring of intelligence

@: very resistant to hostile enchantments, unstealthy
A: no striking features
a: Renounce Religion


You were on level 11 of the Dungeon.
You worshipped Vehumet.
Vehumet was extremely pleased with you.
You were hungry.

You visited 2 branches of the dungeon, and saw 12 of its levels.

You collected 404 gold pieces.
You spent 230 gold pieces at shops.

Inventory:

Hand Weapons
 t - a +2 dagger of venom
 A - a +2 dagger of protection
 E - a +2 falchion of protection
 R - a +3 long sword
 S - a +2 vampiric demon blade (weapon)
Missiles
 q - a throwing net (quivered)
Armour
 a - a +0 robe (worn)
 v - a +0 pair of boots (worn)
 x - a +0 pair of gloves
 G - a +0 helmet (worn)
 J - a +1 pair of gloves (worn)
 M - a +1 cloak (worn)
Jewellery
 i - a +3 ring of intelligence (left hand)
 k - an uncursed ring of fire
 m - an uncursed ring of positive energy
 o - an uncursed amulet of guardian spirit
 u - a ring of protection from magic (right hand)
 W - an uncursed ring of flight
Wands
 r - a wand of polymorph (17)
 y - a wand of disintegration (16)
 z - a wand of disintegration (17)
 C - a wand of draining (10)
 K - a wand of cold (7)
 N - a wand of enslavement (18)
 O - a wand of random effects (28)
Scrolls
 j - 2 scrolls of amnesia
 l - 3 scrolls of remove curse
 n - 6 scrolls of identify
 p - 2 scrolls of teleportation
 w - a scroll of fear
 B - a scroll of enchant weapon
 H - a scroll of recharging
Potions
 d - 3 potions of curing
 e - a potion of brilliance
 h - a potion of cure mutation
 s - 3 potions of heal wounds
Books
 b - a book of Conjurations

   Spells                             Type                      Level
   a - Magic Dart                     Conjuration                  1
   b - Searing Ray                    Conjuration                  2
   c - Dazzling Spray                 Conjuration/Hexes            3
   d - Fulminant Prism                Conjuration/Hexes            4
   e - Iskenderun's Mystic Blast      Conjuration                  4
   f - Iskenderun's Battlesphere      Conjuration/Charms           5
Miscellaneous
 g - a phial of floods (inert)
Comestibles
 c - 4 bread rations
 f - 3 meat rations
 F - 7 slices of pizza
 V - 4 fruits


   Skills:
 - Level 3.3 Fighting
 + Level 3.7 Long Blades
 + Level 5.7 Dodging
 - Level 2.4 Stealth
 - Level 12.0 Spellcasting
 - Level 14.1 Conjurations
 * Level 2.9 Fire Magic


You had 11 spell levels left.
You knew the following spells:

 Your Spells              Type           Power        Failure   Level  Hunger
a - Magic Dart            Conj           ####         0%          1    None
b - Iskenderun's Mystic   Conj           ######..     1%          4    None
c - Iskenderun's Battles  Conj/Chrm      #####...     2%          5    ###....
d - Throw Frost           Conj/Ice       #####.       1%          2    None
e - Mephitic Cloud        Conj/Pois/Air  #####...     1%          3    None
f - Inner Flame           Hex/Fire       ###.....     2%          3    None
g - Fireball              Conj/Fire      ######....   1%          5    ###....


Dungeon Overview and Level Annotations

Branches:
Dungeon (11/15)            Temple (1/1) D:5            Lair (0/8) D:9
    Orc (0/4) D:9

Altars:
Ashenzari
Cheibriados
Dithmenos
Elyvilon
Fedhas
Gozag
Kikubaaqudgha
Makhleb
Nemelex Xobeh
Okawaru
Qazlal
Ru
Sif Muna
Trog
Vehumet
Xom
Yredelemnul
Zin
The Shining One
Jiyva

Shops:
D:6 %   D:10 *


Message History

Your battlesphere fires!
The barrage of energy hits the white ugly thing.
The white ugly thing is almost dead.
The white ugly thing closely misses you.
Casting: Magic Dart
Confirm with . or Enter, or press ? or * to list all spells.
Aiming: Magic Dart
Press: ? - help, Shift-Dir - straight line, f/p - white ugly thing
Aim: a white ugly thing (almost dead)
The magic dart hits the white ugly thing.
The white ugly thing is almost dead.
Your battlesphere fires!
The barrage of energy hits the ice beast.
The ice beast is heavily wounded.
The white ugly thing engulfs you! The white ugly thing freezes you!
The ice beast hits you. The ice beast freezes you!
The white ugly thing engulfs you!
* * * LOW HITPOINT WARNING * * *
The white ugly thing freezes you!!
You die...

###....
...
....<##...
........#
.......
......
#...#
#.u.#
#@Y.#
##...*...
.......
.###..# .#
.# .# # ..
.#


You could see a white ugly thing and an ice beast.

Vanquished Creatures
  The ghost of riffraff the Covered, a novice DsBe of Trog (D:7)
  2 hill giants (D:10)
  The ghost of Caphalor the Quickloader, a novice KoHu of Okawaru (D:6)
  A centaur zombie (D:10)
  A troll (D:10)
  A spriggan (D:8)
  A deep elf fighter (D:9)
  A wyvern (D:9)
  4 hippogriffs
  A hungry ghost (D:7)
  6 orc warriors
  A wasp (D:10)
  3 sky beasts
  2 necrophages
  2 ice beasts
  4 centaurs
  2 big kobolds
  2 crocodiles (D:9)
  A gnoll sergeant (D:8)
  4 ogres
  6 giant frogs
  2 scorpions
  A water moccasin skeleton (D:8)
  8 wights
  9 crimson imps
  10 killer bees
  6 electric eels
  9 orc priests
  2 quasits
  3 iron imps (D:8)
  5 jellies
  Ijyb (D:2)
  2 giant frog skeletons
  9 hounds
  11 orc wizards
  7 worker ants
  2 iguanas
  A hound skeleton (D:9)
  A worker ant zombie (D:5)
  12 adders
  4 river rats (D:9)
  9 gnolls
  3 shadow imps
  4 oozes
  2 adder skeletons (D:8)
  2 adder zombies
  A worm (D:2)
  5 giant geckos
  43 orcs
  A ball python (D:2)
  16 bats
  3 giant cockroaches
  14 goblins
  9 hobgoblins
  15 jackals
  19 kobolds
  7 quokkas
  4 giant newts
  2 jackal zombies
  A quokka skeleton (D:9)
  23 rats
  A plant (D:6)
336 creatures vanquished.

Vanquished Creatures (others)
  6 fungi (D:9)
6 creatures vanquished.

Grand Total: 342 creatures vanquished

Notes
Turn   | Place    | Note
--------------------------------------------------------------
     0 | D:1      | RedPan the Deep Elf Conjurer began the quest for the Orb.
     0 | D:1      | Reached XP level 1. HP: 10/10 MP: 6/6
   433 | D:1      | Reached XP level 2. HP: 15/15 MP: 2/8
   645 | D:1      | Reached skill level 5 in Conjurations
  1053 | D:1      | Reached XP level 3. HP: 13/19 MP: 10/10
  1753 | D:2      | Found a glowing golden altar of the Shining One.
  1981 | D:2      | Found an opulent altar of Gozag.
  1982 | D:2      | Found a glowing silver altar of Zin.
  2109 | D:2      | Found a bloodstained altar of Trog.
  2109 | D:2      | Noticed Ijyb
  2112 | D:2      | Reached XP level 4. HP: 24/24 MP: 7/12
  2144 | D:2      | Killed Ijyb
  2352 | D:3      | Learned a level 4 spell: Iskenderun's Mystic Blast
  2536 | D:3      | Reached skill level 5 in Spellcasting
  2966 | D:4      | Reached skill level 6 in Conjurations
  2966 | D:4      | Reached XP level 5. HP: 28/28 MP: 7/14
  3596 | D:4      | Found a sacrificial altar of Ru.
  3825 | D:4      | Noticed an ogre
  3830 | D:4      | Killed an ogre
  3830 | D:4      | Reached skill level 7 in Conjurations
  3830 | D:4      | Reached XP level 6. HP: 32/32 MP: 11/17
  4086 | D:4      | Found a snail-covered altar of Cheibriados.
  4340 | D:5      | Entered Level 5 of the Dungeon
  4340 | D:5      | Found a staircase to the Ecumenical Temple.
  4368 | Temple   | Entered the Ecumenical Temple
  4407 | Temple   | Became a worshipper of Vehumet
  4576 | D:5      | Reached XP level 7. HP: 32/36 MP: 5/18
  4636 | D:5      | Reached skill level 8 in Conjurations
  4643 | D:5      | Learned a level 5 spell: Iskenderun's Battlesphere
  4767 | D:5      | Found an iron altar of Okawaru.
  5388 | D:5      | Reached skill level 9 in Conjurations
  5817 | D:6      | Found a shadowy altar of Dithmenos.
  5852 | D:6      | Found a blossoming altar of Fedhas.
  5859 | D:6      | Found Pijuusm's Food Emporium.
  5890 | D:6      | Reached * piety under Vehumet
  5890 | D:6      | Offered knowledge of Sting by Vehumet.
  5998 | D:6      | Noticed Caphalor's ghost (novice KoHu)
  5999 | D:6      | Reached XP level 8. HP: 41/41 MP: 15/21
  6395 | D:6      | Found a stormy altar of Qazlal.
  7017 | D:6      | Reached skill level 10 in Conjurations
  7222 | D:6      | Killed Caphalor's ghost
  7222 | D:6      | Reached skill level 11 in Conjurations
  7600 | D:6      | Reached XP level 9. HP: 32/45 MP: 18/24
  7837 | D:7      | Noticed riffraff's ghost (novice DsBe)
  8501 | D:7      | Killed riffraff's ghost
  8501 | D:7      | Reached skill level 10 in Spellcasting
  8501 | D:7      | Reached skill level 12 in Conjurations
  8887 | D:7      | Offered knowledge of Throw Frost by Vehumet.
  8891 | D:7      | Learned a level 2 spell: Throw Frost
  9054 | D:7      | Reached ** piety under Vehumet
  9718 | D:8      | Reached skill level 13 in Conjurations
 10333 | D:8      | Reached XP level 10. HP: 50/50 MP: 13/27
 10604 | D:8      | Offered knowledge of Mephitic Cloud by Vehumet.
 10634 | D:8      | Reached *** piety under Vehumet
 10837 | D:8      | Found a burning altar of Makhleb.
 10975 | D:8      | Found a basalt altar of Yredelemnul.
 11129 | D:8      | Learned a level 3 spell: Mephitic Cloud
 11274 | D:8      | Offered knowledge of Static Discharge by Vehumet.
 11585 | D:8      | Reached skill level 14 in Conjurations
 11897 | D:9      | Found a viscous altar of Jiyva.
 11983 | D:9      | Reached **** piety under Vehumet
 12043 | D:9      | Reached skill level 1 in Long Blades
 12091 | D:9      | Offered knowledge of Inner Flame by Vehumet.
 12116 | D:9      | HP: 2/51 [wyvern (12)]
 12117 | D:9      | Reached skill level 1 in Fighting
 12608 | D:9      | Learned a level 3 spell: Inner Flame
 12701 | D:9      | Found a staircase to the Lair.
 12965 | D:9      | Found a staircase to the Orcish Mines.
 13531 | D:10     | Entered Level 10 of the Dungeon
 13544 | D:10     | Reached XP level 11. HP: 58/60 MP: 0/29
 13754 | D:10     | Noticed a hill giant
 13759 | D:10     | Killed a hill giant
 13759 | D:10     | Reached ***** piety under Vehumet
 13759 | D:10     | Offered knowledge of Fireball by Vehumet.
 13759 | D:10     | Reached skill level 5 in Dodging
 13766 | D:10     | Learned a level 5 spell: Fireball
 13854 | D:10     | Reached skill level 1 in Fire Magic
 13873 | D:10     | Noticed a hill giant
 13878 | D:10     | Killed a hill giant
 14172 | D:10     | Found Ucuts's Assorted Antiques.
 14175 | D:10     | Bought a scroll of teleportation for 69 gold pieces
 14175 | D:10     | Bought a scroll of identify for 46 gold pieces
 14175 | D:10     | Bought a gilded ring for 115 gold pieces
 14182 | D:10     | Found a blossoming altar of Fedhas.
 14310 | D:11     | Slain by a white ugly thing

Action                   |  1- 3 |  4- 6 |  7- 9 | 10-12 || total
-------------------------+-------+-------+-------+-------++-------
Melee: Unarmed           |    19 |    11 |       |       ||    30
       Dagger            |    27 |    46 |    97 |       ||   170
       Falchion          |       |       |    13 |     8 ||    21
       Demon blade       |       |       |       |    37 ||    37
 Cast: Magic Dart        |    60 |   127 |   355 |   326 ||   868
       Iskenderun's Batt |       |       |    23 |    50 ||    73
       Throw Frost       |       |       |     7 |    26 ||    33
       Iskenderun's Myst |       |       |     1 |     4 ||     5
       Mephitic Cloud    |       |       |       |    11 ||    11
Evoke: Phial of floods   |       |       |       |     1 ||     1
  Use: Scroll            |       |       |    11 |     8 ||    19
       Potion            |       |       |     7 |     9 ||    16
 Stab: Sleeping          |     3 |     1 |       |     1 ||     5
  Eat: Chunk             |     4 |     7 |    13 |    10 ||    34
       Bread ration      |       |       |     1 |     2 ||     3
       Meat ration       |       |       |     1 |       ||     1
       Royal jelly       |       |       |       |     1 ||     1
       Pizza             |       |       |       |     1 ||     1
